 Dungeon Crawl Stone Soup version 0.28-a0-1567-g1695149f81 (webtiles) character file.

Game seed: 16928397393015418096

147 southernslant the Skirmisher (level 5, -2/32 HPs)
             Began as a Gargoyle Gladiator on Jan 17, 2022.
             Slain by a river rat (7 damage)
             ... in a sewer on Jan 19, 2022.
             The game lasted 00:07:32 (3006 turns).

southernslant the Skirmisher (Gargoyle Gladiator)   Turns: 3006, Time: 00:07:33

Health: -2/32      AC:  8    Str: 20    XL:     5   Next: 29%
Magic:  5/5        EV: 12    Int:  8    God:
Gold:   87         SH:  0    Dex: 11    Spells: 4/4 levels left

rFire   . . .      SeeInvis .   a - +0 trident
rCold   . . .      Faith    .   (no shield)
rNeg    + . .      Spirit   .   b - +0 leather armour
rPois   ∞          Reflect  .   c - +0 helmet
rElec   +          Harm     .   (no cloak)
rCorr   .          Rampage  .   (no gloves)
Will    .....                   (no boots)
Stlth   +.........              (no amulet)
HPRegen 0.10/turn               (no ring)
MPRegen 0.09/turn               (no ring)

@: no status effects
A: sickness immunity, AC +4, negative energy resistance 1, electricity
resistance, torment resistance 1, petrification resistance
a: no special abilities


You were in a sewer.
You visited 1 branch of the dungeon, and saw 3 of its levels.
You also visited: Sewer.

You collected 87 gold pieces.

Inventory:

Hand Weapons
 a - a +0 trident (weapon)
Missiles
 d - a throwing net
 e - 65 stones
 o - 2 poisoned darts (quivered)
Armour
 b - a +0 leather armour (worn)
 c - a +0 helmet (worn)
Jewellery
 g - a +4 ring of protection
Wands
 m - a wand of mindburst (12)
Scrolls
 f - a scroll of holy word {unknown}
 h - 3 scrolls of identify {unknown}
 j - a scroll of magic mapping {unknown}
 n - a scroll of teleportation {unknown}
Potions
 i - a potion of lignification {unknown}
 l - a potion of heal wounds {unknown}


   Skills:
 * Level 3.6 Fighting
 + Level 3.1 Polearms
 + Level 2.3 Throwing
 * Level 2.6 Armour
 + Level 2.9 Dodging


You had 4 spell levels left.
You didn't know any spells.
Your spell library contained the following spells:

 Spells                   Type           Power      Damage    Failure   Level
 Beastly Appendage        Tmut           0%         N/A       45%         1
 Corpse Rot               Necr/Air       0%         N/A       58%         2
 Wereblood                Tmut           0%         N/A       58%         2
 Spider Form              Tmut/Pois      0%         N/A       83%         3
 Dispel Undead            Necr           0%         3d6       99%         4
 Death Channel            Necr           0%         N/A       100%        6


Dungeon Overview and Level Annotations

Branches:
Dungeon (3/15)              Sewer (1/1)

Altars:
Yredelemnul

Shops:
D:2 :


Innate Abilities, Weirdness & Mutations

You are immune to sickness and miasma.
Your stone body is resilient. (AC +4)
You are immune to poison.
You resist negative energy. (rN+)
You are resistant to electric shocks. (rElec)
You are resistant to unholy torment.
You are immune to petrification.


Message History

The ball python barely misses you. The ball python constricts you.
* * * LOW HITPOINT WARNING * * *
You miss the adder.
The adder is severely wounded.
The river rat closely misses you. The adder barely misses you.
The river rat barely misses you. The ball python bites you.
* * * LOW HITPOINT WARNING * * *
The ball python constricts you.
The river rat bites you but does no damage.
The adder bites you but does no damage.
You feel better.
The ball python bites you but does no damage.
The ball python constricts you.
The river rat bites you but does no damage.
The adder bites you but does no damage. The river rat bites you.
The ball python closely misses you. The ball python constricts you.
Throw: 3 darts (poison)
Press: ? - help, Q - select action, (/) - cycle Shift-Dir - straight line, f - adder
Aim: an adder (severely wounded, 38% to hit)
You throw a poisoned dart.
The poisoned dart closely misses the adder.
The poisoned dart closely misses the rat.
You hear a splash.
The river rat barely misses you. The adder bites you.
* * * LOW HITPOINT WARNING * * *
The ball python barely misses you. The ball python constricts you.
* * * LOW HITPOINT WARNING * * *
The river rat barely misses you.
You puncture the adder!
You kill the adder!
The river rat completely misses you. The ball python bites you.
* * * LOW HITPOINT WARNING * * *
The ball python constricts you.
The river rat bites you but does no damage.
The river rat bites you.
* * * LOW HITPOINT WARNING * * *
You hit the ball python.
You kill the ball python!
The river rat bites you!
You die...

... ..r# #..r#
#....####################
#.....#r≈≈≈≈≈≈r@≈≈≈≈≈≈#.###
#.....≈r≈≈≈#≈≈†rr≈≈#≈≈....##
#......≈≈≈≈≈#≈≈≈≈≈≈≈≈≈≈....#
#.....≈≈††≈≈≈≈≈≈≈≈≈≈≈≈....#
##...≈≈≈≈≈≈≈≈≈≈≈≈≈≈≈≈.....##
###.#≈≈≈≈≈≈≈≈≈≈≈≈≈≈≈......#
####################....#
##...## ##...#


You could see 2 river rats and a rat.

Vanquished Creatures
  6 adders
  A gnoll (D:1)
  A dart slug (D:1)
  A worm (D:2)
  11 ball pythons
  3 endoplasms
  10 giant cockroaches
  5 hobgoblins
  3 quokkas
  A bat (D:1)
  5 frilled lizards
  5 goblins
  15 kobolds
  17 rats
84 creatures vanquished.

Notes
Turn   | Place    | Note
-------+----------+-------------------------------------------
     0 | D:1      | southernslant the Gargoyle Gladiator began the quest for
                  | the Orb.
     0 | D:1      | Reached XP level 1. HP: 12/12 MP: 1/1
    99 | D:1      | Reached skill level 1 in Armour
    99 | D:1      | Reached XP level 2. HP: 13/18 MP: 2/2
   421 | D:1      | Reached XP level 3. HP: 22/22 MP: 3/3
   490 | D:1      | Upgraded the game from 0.28-a0-1524-ge72afd5fc6 to
                  | 0.28-a0-1567-g1695149f81
  1405 | D:2      | Reached XP level 4. HP: 25/28 MP: 4/4
  1417 | D:2      | Found Sitaug's Book Emporium.
  2415 | D:3      | Found a basalt altar of Yredelemnul.
  2509 | D:3      | HP: 1/28 [adder (1)]
  2522 | D:3      | Reached XP level 5. HP: 11/32 MP: 5/5
  2546 | D:3      | Found a glowing drain.
  2553 | Sewer    | Entered a sewer
  3006 | Sewer    | Slain by a river rat

Illustrated notes

Levels and vault maps discovered:
D:1:      dpeg_arrival_brainrot, layout_basic
D:2:      layout_loops_corners, serial_shops, shop, minmay_misc_feat_rows
D:3:      layout_loops_ring, evilmike_ruin_ashenzari, overflow_temple_1_default,
          gup_sewer_entry_bubbles, kennysheep_generic_room_4
Sewer:    sewer_minmay_w

Skill      XL: |  1  2  3  4 |
---------------+-------------+-----
Armour         | 1 2 |  2.6
Throwing       | 2 |  2.3
Fighting       | 3 |  3.6
Polearms       | 3 |  3.1
Dodging        | |  2.9

Action                   |  1- 3 |  4- 6 || total
-------------------------+-------+-------++-------
Melee: Trident           |   116 |   165 ||   281
       Punch             |       |     1 ||     1
Throw: Stone             |       |    15 ||    15
       Throwing net      |       |     3 ||     3
       Dart              |       |     1 ||     1
  Use: Potion            |       |     2 ||     2
Armor: Leather armour    |    35 |   121 ||   156
Dodge: Dodged            |    68 |   191 ||   259

Table legend: (Time is in decaauts)
 A = Elapsed time spent in this place.
 B = Non-inter-level travel time spent in this place.
 C = Inter-level travel time spent in this place.
 D = Time resting spent in this place.
 E = Time spent auto-exploring this place.
 F = Levels seen in this place.
 G = Mean time per level.
                   A        B        C        D        E       F      G
               +--------+--------+--------+--------+--------+-----+--------+
         Total |   3094 |   3070 |     24 |      0 |   2286 |   4 |  773.5 |
       Dungeon |   2606 |   2582 |     24 |      0 |   1927 |   3 |  868.7 |
         Sewer |    487 |    487 |      0 |      0 |    359 |   1 |  487.0 |
               +--------+--------+--------+--------+--------+-----+--------+

Top non-repeatable levels by time:
     D:2: 1201 daAuts
     D:1: 1040 daAuts
   Sewer: 487 daAuts
     D:3: 364 daAuts
